 Dungeon Crawl Stone Soup version 0.20.1-1-g8b1a95d (webtiles) character file.

3878 shigeko the Fighter (level 10, -6/100 HPs)
             Began as a Minotaur Fighter on Nov 28, 2017.
             Was an Initiate of Okawaru.
             Killed from afar by Maurice (25 damage)
             ... with a wand of lightning (?/15)
             ... on level 8 of the Dungeon.
             The game lasted 00:16:50 (8303 turns).

shigeko the Fighter (Minotaur Fighter)              Turns: 8303, Time: 00:16:51

Health: -6/100     AC: 12    Str: 27    XL:     10   Next: 0%
Magic:  18/18      EV:  7    Int:  5    God:    Okawaru [......]
Gold:   476        SH: 10    Dex: 12    Spells: 9/9 levels left

rFire    . . .     SeeInvis .   a - +0 flail
rCold    . . .     Gourm    .   c - +0 shield
rNeg     . . .     Faith    .   h - +0 chain mail
rPois    .         Spirit   .   G - +2 hat
rElec    .         Reflect  .   (no cloak)
rCorr    .         Harm     .   o - +0 pair of gloves
MR       .....                  (no boots)
Stlth    ..........             D - amulet of regeneration
Regen    0.7/turn               p - ring of magical power
MPRegen  0.2/turn               (no ring)

@: mighty
A: retaliatory headbutt, horns 2
a: Renounce Religion


You were on level 8 of the Dungeon.
You worshipped Okawaru.
Okawaru was noncommittal.
You were not hungry.

You visited 2 branches of the dungeon, and saw 9 of its levels.
You also visited: Ossuary.

You collected 476 gold pieces.

Inventory:

Hand Weapons
 a - a +0 flail (weapon)
 w - a +0 blowgun
Missiles
 i - 3 javelins (quivered)
 z - 25 poisoned needles
 A - 2 throwing nets
Armour
 c - a +0 shield (worn)
 h - a +0 chain mail (worn)
 o - a +0 pair of gloves (worn)
 G - a +2 hat (worn)
Jewellery
 p - a ring of magical power (left hand)
 D - an amulet of regeneration (around neck)
Wands
 y - a wand of polymorph (20/24)
 C - a wand of acid (9/15)
 F - a wand of paralysis (20/24)
 M - a wand of confusion (25/48)
 O - a wand of lightning (9/15)
 R - a wand of random effects (23/48)
Scrolls
 b - a scroll of enchant weapon {unknown}
 e - a scroll of amnesia {unknown}
 g - 4 scrolls of remove curse
 n - a scroll of noise {unknown}
 q - a scroll of enchant armour {unknown}
 t - 3 scrolls of recharging
 u - a scroll of fog {unknown}
 x - a scroll of teleportation {unknown}
 K - a scroll of torment {unknown}
Potions
 d - a potion of might
 j - a potion of flight
 l - a potion of haste
 m - a potion of agility
 s - a potion of lignification
 v - 2 potions of magic
 E - a potion of ambrosia
 H - a potion of curing
 I - a potion of brilliance
 J - 4 potions of invisibility
 L - a potion of berserk rage
 P - a potion of mutation {unknown}
 Q - a potion of degeneration {unknown}
Books
 N - a book of Necromancy

   Spells                             Type                      Level
   a - Pain                           Necromancy                   1
   b - Animate Skeleton               Necromancy                   1
   c - Vampiric Draining              Necromancy                   3
   d - Regeneration                   Charms/Necromancy            3
   e - Animate Dead                   Necromancy                   4
   f - Control Undead                 Necromancy                   4
Comestibles
 f - 11 bread rations
 k - 5 royal jellies
 r - a fruit
 B - 2 meat rations


   Skills:
 + Level 12.8 Fighting
 - Level 11.0 Maces & Flails
 - Level 3.6 Armour
 - Level 2.5 Dodging
 - Level 1.0 Stealth
 - Level 3.6 Shields
 - Level 0.2 Unarmed Combat


You had 9 spell levels left.
You didn't know any spells.

Dungeon Overview and Level Annotations

Branches:
Dungeon (8/15)             Temple (1/1) D:7            Lair (0/6) D:8

Altars:
Ashenzari
Cheibriados
Dithmenos
Elyvilon
Fedhas
Gozag
Hepliaklqana
Kikubaaqudgha
Makhleb
Nemelex Xobeh
Okawaru
Ru
Sif Muna
Trog
Uskayaw
Yredelemnul
Zin
Lugonu

Annotations:
D:8 Maurice


Innate Abilities, Weirdness & Mutations

You reflexively headbutt those who attack you in melee.
You have a pair of horns on your head.


Message History

You have reached level 10!
You hear some strange, mumbled words.
You see here a howler monkey corpse.
You hear a zap.
A bolt of lightning appears from out of thin air!
The bolt of lightning hits you! x2
You hear a zap.
A bolt of lightning appears from out of thin air!
The bolt of lightning hits you!
* * * LOW HITPOINT WARNING * * *
You hear a zap.
A bolt of lightning appears from out of thin air!
The bolt of lightning hits you!
* * * LOW HITPOINT WARNING * * *
Something hits you but does no damage.
You closely miss something. You headbutt something!
You hear a zap.
A bolt of lightning appears from out of thin air!
The bolt of lightning hits you!
You die...

#####...# #.###
.........## #....
#####.#.#.####
#####
...........##### #
.#.............. #
.. #..####.#...###
#.###..###.(#...#.
#....{...†........
#####@##.##.###.#.#
#.##.##.# .# .
#.......# .
##(....## #.....#
#.....# #.....#
#.....# #######


There were no monsters in sight!

Vanquished Creatures
  The ghost of Vourdeox the Slasher, a novice MiBe of Trog (Ossuary)
  A hornet (D:8)
  A hippogriff (D:6)
  A yak (D:7)
  3 hogs (D:7)
  A human (D:7)
  4 ice beasts
  2 orc warriors (D:6)
  A phantom (D:7)
  A centaur (D:5)
  An ogre (D:6)
  A crocodile (D:8)
  Blork the orc (D:6)
  A big kobold (D:4)
  An elf zombie (Ossuary)
  3 bullfrogs
  A scorpion (D:8)
  4 howler monkeys
  4 crimson imps
  3 centaur zombies (Ossuary)
  2 hounds (D:6)
  A quasit (D:6)
  2 human zombies (Ossuary)
  A jelly (D:6)
  2 orc priests
  2 orc wizards
  2 iguanas
  3 worker ants
  2 big kobold zombies (Ossuary)
  3 mummies
  10 adders
  2 shadow imps
  5 oozes
  2 adder zombies
  An adder skeleton (D:8)
  6 worms
  A dart slug (D:1)
  5 leopard geckos
  19 orcs
  8 bats
  2 giant cockroaches
  11 hobgoblins
  11 jackals
  10 kobolds
  3 quokkas
  3 ball pythons
  4 frilled lizards
  7 goblins
  5 hobgoblin zombies (Ossuary)
  11 kobold zombies (Ossuary)
  9 orc zombies (Ossuary)
  A quokka skeleton (D:4)
  7 rats
  2 rat zombies (Ossuary)
201 creatures vanquished.

Vanquished Creatures (others)
  An orc (D:8)
  A plant (D:4)
2 creatures vanquished.

Grand Total: 203 creatures vanquished

Notes
Turn   | Place    | Note
-------+----------+-------------------------------------------
     0 | D:1      | shigeko the Minotaur Fighter began the quest for the Orb.
     0 | D:1      | Reached XP level 1. HP: 19/19 MP: 0/0
   153 | D:1      | Reached XP level 2. HP: 25/26 MP: 1/1
   232 | D:1      | Reached skill level 1 in Dodging
   388 | D:1      | Reached XP level 3. HP: 30/31 MP: 2/2
   902 | D:2      | Found a blossoming altar of Fedhas.
  1322 | D:2      | Found a shattered altar of Ashenzari.
  1603 | D:2      | Reached XP level 4. HP: 39/39 MP: 3/3
  1828 | D:3      | Reached skill level 5 in Maces & Flails
  2197 | D:3      | Reached XP level 5. HP: 43/45 MP: 4/4
  2393 | D:3      | Found a sacrificial altar of Ru.
  3067 | D:4      | Reached XP level 6. HP: 26/51 MP: 5/5
  3662 | D:4      | Found a glowing silver altar of Zin.
  3768 | D:5      | Entered Level 5 of the Dungeon
  3872 | D:5      | Noticed an ice beast
  3882 | D:5      | Killed an ice beast
  4006 | D:5      | Reached skill level 1 in Stealth
  4006 | D:5      | Reached XP level 7. HP: 49/57 MP: 6/6
  4069 | D:5      | Found a hide-covered altar of Uskayaw.
  4069 | D:5      | Found a sparkling altar of Nemelex Xobeh.
  4680 | D:6      | Found an ancient bone altar of Kikubaaqudgha.
  4692 | D:6      | Reached skill level 10 in Maces & Flails
  4745 | D:6      | Reached XP level 8. HP: 63/64 MP: 7/7
  5018 | D:6      | Noticed Blork the orc
  5028 | D:6      | Killed Blork the orc
  5098 | D:6      | Reached skill level 4 in Fighting
  5292 | D:6      | Reached skill level 5 in Fighting
  5795 | D:6      | Reached skill level 6 in Fighting
  6114 | D:6      | Noticed a hippogriff
  6124 | D:6      | Killed a hippogriff
  6124 | D:6      | Reached skill level 7 in Fighting
  6326 | D:7      | Reached skill level 8 in Fighting
  6420 | D:7      | Found a staircase to the Ecumenical Temple.
  6506 | D:7      | Found a sand-covered staircase.
  6512 | Ossuary  | Entered an ossuary
  6559 | Ossuary  | Noticed Vourdeox's ghost (novice MiBe)
  6579 | Ossuary  | Killed Vourdeox's ghost
  6579 | Ossuary  | Reached skill level 9 in Fighting
  6579 | Ossuary  | Reached XP level 9. HP: 77/85 MP: 8/8
  6632 | Ossuary  | Reached skill level 10 in Fighting
  6867 | Temple   | Entered the Ecumenical Temple
  7005 | D:7      | Reached skill level 11 in Fighting
  7261 | D:7      | Reached skill level 12 in Fighting
  7637 | D:7      | Found an iron altar of Okawaru.
  7640 | D:7      | Became a worshipper of Warmaster Okawaru
  7824 | D:8      | Paralysed by a hornet for 2 turns
  8211 | D:8      | Found a staircase to the Lair.
  8286 | D:8      | Noticed Maurice
  8293 | D:8      | Reached XP level 10. HP: 75/100 MP: 9/9
  8303 | D:8      | Killed from afar by Maurice

Skill      XL: |  1  2  3  4  5  6  7  8  9 |
---------------+----------------------------+-----
Maces & Flails | 3 4 6 7 8 10 11 | 11.0
Dodging        | 1 2 |  2.5
Stealth        | 1 |  1.0
Fighting       | 9 12 | 12.8
Armour         | |  3.6
Shields        | |  3.6
Unarmed Combat | |  0.2

Action                   |  1- 3 |  4- 6 |  7- 9 | 10-12 || total
-------------------------+-------+-------+-------+-------++-------
Melee: Flail             |   109 |   198 |   390 |     1 ||   698
       Headbutt          |     6 |    27 |    86 |     1 ||   120
       Unarmed           |       |     2 |       |       ||     2
 Fire: Blowgun           |       |       |     8 |       ||     8
Throw: Javelin           |       |       |     2 |       ||     2
  Use: Potion            |       |     2 |     2 |       ||     4
       Scroll            |       |       |    13 |       ||    13
  Eat: Chunk             |     2 |     7 |     9 |       ||    18
       Fruit             |       |       |     7 |       ||     7
Armor: Scale mail        |    29 |       |       |       ||    29
       Chain mail        |    16 |    95 |   163 |       ||   274
       Skin              |       |     1 |       |       ||     1
Dodge: Dodged            |    34 |    54 |    94 |       ||   182
Block: Shield            |    61 |   116 |   154 |       ||   331
